3A
GRAND FORKS CATERPILLARS @ BELLEVILLE BULLS
08/24/2026
 
TOP OF THE 1ST
Grand Forks Caterpillars batting - Pitching for Belleville Bulls : RHP Jesús Garces
Pitching: RHP Jesús Garces
Batting: SHB Leo Szilard 0-0: Called Strike
0-1: Called Strike
0-2: Ground out 5-3 (Groundball, 56S)
Batting: RHB Joel Burrell 0-0: Ball
1-0: Swinging Strike
1-1: Ball
2-1: Foul Ball, location: 2F
2-2: Strikes out looking
Batting: LHB Alberto Garza 0-0: Ball
1-0: Foul Ball, location: 2F
1-1: Ball
2-1: Swinging Strike
2-2: Strikes out swinging
Top of the 1st over - 0 run(s), 0 hit(s), 0 error(s), 0 left on base; Grand Forks 0 - Belleville 0
BOTTOM OF THE 1ST
Belleville Bulls batting - Pitching for Grand Forks Caterpillars : RHP Olivier Carlier
Pitching: RHP Olivier Carlier
Batting: RHB Vicente Mena 0-0: Foul Ball, location: 2F
0-1: Foul Ball, location: 2F
0-2: Ground out 5-3 (Groundball, 56)
Batting: RHB Tomás Bermúdez 0-0: Called Strike
0-1: Called Strike
0-2: Strikes out swinging
Batting: LHB Armando Reyes 0-0: SINGLE (Line Drive, 4D)
Batting: RHB José García 0-0: Ball
1-0: Ball
2-0: Called Strike
2-1: Swinging Strike
2-2: Ball
3-2: Foul Ball, location: 2F
3-2: Strikes out looking
Bottom of the 1st over - 0 run(s), 1 hit(s), 0 error(s), 1 left on base; Grand Forks 0 - Belleville 0
TOP OF THE 2ND
Grand Forks Caterpillars batting - Pitching for Belleville Bulls : RHP Jesús Garces
Batting: RHB Jorge Noutel 0-0: SINGLE (Line Drive, 5L)
Batting: LHB Augustus Driscoll 0-0: Foul Ball, location: 2F
0-1: Ball
Jorge Noutel steals 2nd base
1-1: Foul Ball, location: 2F
1-2: Strikes out swinging
Batting: RHB Carlos Romero 0-0: Foul Ball, location: 2F
0-1: Foul Ball, location: 2F
0-2: Ball
1-2: Ball
2-2: Ball
3-2: Ground out 4-3 (Groundball, 4)
Jorge Noutel to third
Batting: LHB Gary Malone 0-0: Ball
1-0: Foul Ball, location: 2F
1-1: Foul Ball, location: 2F
1-2: Ball
2-2: Ground out U3 (Groundball, 3)
Top of the 2nd over - 0 run(s), 1 hit(s), 0 error(s), 1 left on base; Grand Forks 0 - Belleville 0
BOTTOM OF THE 2ND
Belleville Bulls batting - Pitching for Grand Forks Caterpillars : RHP Olivier Carlier
Batting: LHB José Gómez 0-0: Called Strike
0-1: Swinging Strike
0-2: Ball
1-2: Ball
2-2: Ball
3-2: Foul Ball, location: 2F
3-2: Foul Ball, location: 2F
3-2: Base on Balls
Batting: RHB Alejandro Serrato 0-0: Ball
1-0: Foul Ball, location: 2F
1-1: Ball
2-1: Foul Ball, location: 2F
2-2: Ball
Passed Ball!
José Gómez to second
3-2: Base on Balls
Batting: RHB Dean Summers 0-0: Fly out, F8 (Flyball, 8LM)
Batting: RHB Jorge Cortés 0-0: Ball
1-0: Foul Ball, location: 2F
1-1: Called Strike
1-2: Reached on error, E5 (Groundball, 5)
José Gómez to third
Alejandro Serrato to second
Batting: RHB Ron Bernard 0-0: Ball
1-0: Called Strike
1-1: Fly out, F9 (Flyball, 9S)
Batting: RHB Vicente Mena 0-0: Foul Ball, location: 2F
0-1: Foul Ball, location: 2F
0-2: Ball
1-2: Strikes out swinging
Bottom of the 2nd over - 0 run(s), 0 hit(s), 1 error(s), 3 left on base; Grand Forks 0 - Belleville 0
TOP OF THE 3RD
Grand Forks Caterpillars batting - Pitching for Belleville Bulls : RHP Jesús Garces
Batting: SHB Kel Altagracia 0-0: Fly out, F8 (Flyball, 8RD)
Batting: LHB Michael Woodard 0-0: Called Strike
0-1: Ball
1-1: Foul Ball, location: 2F
1-2: Strikes out looking
Batting: SHB Leo Szilard 0-0: Called Strike
0-1: SINGLE (Line Drive, 89M)
Batting: RHB Joel Burrell 0-0: Called Strike
Throwing error on steal attempt, E2
Leo Szilard to third
0-1: Foul Ball, location: 2F
0-2: Ball
1-2: Foul Ball, location: 2F
1-2: Strikes out looking
Top of the 3rd over - 0 run(s), 1 hit(s), 1 error(s), 1 left on base; Grand Forks 0 - Belleville 0
BOTTOM OF THE 3RD
Belleville Bulls batting - Pitching for Grand Forks Caterpillars : RHP Olivier Carlier
Batting: RHB Tomás Bermúdez 0-0: Called Strike
0-1: Foul Ball, location: 2F
0-2: Strikes out swinging
Batting: LHB Armando Reyes 0-0: Ball
1-0: Ball
2-0: SOLO HOME RUN (Line Drive, 9D), Distance : 380 ft
Batting: RHB José García 0-0: Fly out, F9 (Flyball, 9)
Batting: LHB José Gómez 0-0: Called Strike
0-1: Ground out 6-3 (Groundball, 6MD)
Bottom of the 3rd over - 1 run(s), 1 hit(s), 0 error(s), 0 left on base; Grand Forks 0 - Belleville 1
TOP OF THE 4TH
Grand Forks Caterpillars batting - Pitching for Belleville Bulls : RHP Jesús Garces
Batting: LHB Alberto Garza 0-0: SINGLE (Groundball, 4MD)
Batting: RHB Jorge Noutel 0-0: Called Strike
0-1: Ball
1-1: Foul Ball, location: 2F
1-2: Ball
2-2: SINGLE (Line Drive, 6D)
Alberto Garza to second
Batting: LHB Augustus Driscoll 0-0: Called Strike
0-1: Ball
1-1: Foul Ball, location: 2F
1-2: Ball
2-2: Fly out, F3 (Line Drive, 34)
Lined into DP, U3 (Line Drive, 34)
Batting: RHB Carlos Romero 0-0: DOUBLE (Groundball, 5L)
Alberto Garza scores
Batting: LHB Gary Malone 0-0: Ball
1-0: Ground out 6-3 (Groundball, 6)
Top of the 4th over - 1 run(s), 3 hit(s), 0 error(s), 1 left on base; Grand Forks 1 - Belleville 1
BOTTOM OF THE 4TH
Belleville Bulls batting - Pitching for Grand Forks Caterpillars : RHP Olivier Carlier
Batting: RHB Alejandro Serrato 0-0: Fly out, F8 (Flyball, 8RD)
Batting: RHB Dean Summers 0-0: Ball
1-0: Swinging Strike
1-1: Foul Ball, location: 2F
1-2: Ball
2-2: Strikes out swinging
Batting: RHB Jorge Cortés 0-0: Swinging Strike
0-1: Called Strike
0-2: SINGLE (Line Drive, 8RM)
Batting: RHB Ron Bernard 0-0: Ball
Jorge Cortés is caught stealing 2nd base
Bottom of the 4th over - 0 run(s), 1 hit(s), 0 error(s), 0 left on base; Grand Forks 1 - Belleville 1
TOP OF THE 5TH
Grand Forks Caterpillars batting - Pitching for Belleville Bulls : RHP Jesús Garces
Batting: SHB Kel Altagracia 0-0: Ball
1-0: Ball
2-0: Called Strike
2-1: Fly out, F7 (Flyball, 78M)
Batting: LHB Michael Woodard 0-0: SINGLE (Groundball, 3D)
Batting: SHB Leo Szilard 0-0: Ball
1-0: Ball
2-0: Ball
3-0: Base on Balls
Michael Woodard to second
Batting: RHB Joel Burrell 0-0: Ball
1-0: Called Strike
1-1: Called Strike
1-2: Grounds into double play, 4-6-3 (Groundball, 4)
Top of the 5th over - 0 run(s), 1 hit(s), 0 error(s), 1 left on base; Grand Forks 1 - Belleville 1
BOTTOM OF THE 5TH
Belleville Bulls batting - Pitching for Grand Forks Caterpillars : RHP Olivier Carlier
Batting: RHB Ron Bernard 0-0: Ball
1-0: Foul Ball, location: 2F
1-1: Ball
2-1: Fly out, F8 (Flyball, 78M)
Batting: RHB Vicente Mena 0-0: Ball
1-0: Called Strike
1-1: Foul Ball, location: 2F
1-2: Strikes out swinging
Batting: RHB Tomás Bermúdez 0-0: Called Strike
0-1: Ball
1-1: Ball
2-1: Ground out 6-3 (Groundball, 6)
Bottom of the 5th over - 0 run(s), 0 hit(s), 0 error(s), 0 left on base; Grand Forks 1 - Belleville 1
TOP OF THE 6TH
Grand Forks Caterpillars batting - Pitching for Belleville Bulls : RHP Jesús Garces
Batting: LHB Alberto Garza 0-0: Foul Ball, location: 2F
0-1: Ball
1-1: Foul Ball, location: 2F
1-2: Ball
2-2: Foul Ball, location: 2F
2-2: Fly out, F7 (Flyball, 7LM)
Batting: RHB Jorge Noutel 0-0: Ball
1-0: Called Strike
1-1: Called Strike
1-2: Ground out 4-3 (Groundball, 4)
Batting: LHB Augustus Driscoll 0-0: Ground out 3-1 (Groundball, 34)
Top of the 6th over - 0 run(s), 0 hit(s), 0 error(s), 0 left on base; Grand Forks 1 - Belleville 1
BOTTOM OF THE 6TH
Belleville Bulls batting - Pitching for Grand Forks Caterpillars : RHP Olivier Carlier
Batting: LHB Armando Reyes 0-0: Called Strike
0-1: Called Strike
0-2: Fly out, F9 (Flyball, 9D)
Batting: RHB José García 0-0: Fly out, F7 (Line Drive, 7)
Batting: LHB José Gómez 0-0: Swinging Strike
0-1: Called Strike
0-2: Foul Ball, location: 2F
0-2: Ball
1-2: Strikes out swinging
Bottom of the 6th over - 0 run(s), 0 hit(s), 0 error(s), 0 left on base; Grand Forks 1 - Belleville 1
TOP OF THE 7TH
Grand Forks Caterpillars batting - Pitching for Belleville Bulls : RHP Jesús Garces
Batting: RHB Carlos Romero 0-0: Ball
1-0: Fly out, F4 (Popup, 4MD)
Batting: LHB Gary Malone 0-0: Ball
1-0: SINGLE (Line Drive, 7S)
Pinch Hitting: LHB Jim Unknown 0-0: Ball
1-0: Ball
2-0: Called Strike
2-1: Foul Ball, location: 2F
2-2: Strikes out swinging
Batting: LHB Michael Woodard 0-0: Called Strike
0-1: Swinging Strike
0-2: Ball
1-2: Strikes out swinging
Top of the 7th over - 0 run(s), 1 hit(s), 0 error(s), 1 left on base; Grand Forks 1 - Belleville 1
BOTTOM OF THE 7TH
Belleville Bulls batting - Pitching for Grand Forks Caterpillars : RHP Olivier Carlier
Now at SS: Neil Byrd
Pinch Hitting: RHB Miguel González 0-0: Foul Ball, location: 2F
0-1: SINGLE (Groundball, 56D)
Batting: RHB Dean Summers 0-0: Sac Bunt - play at first, batter OUT! 1-3
Miguel González to second
Pinch Hitting: SHB Jim Unknown 0-0: Intentional Walk
Pitching: RHP Raúl Flores
Pinch Hitting: RHB Ernest Daniels 0-0: Called Strike
0-1: Ball
1-1: Ball
2-1: SINGLE (Line Drive, 8LS)
Miguel González to third
Jim Unknown to second
Runner from 3rd tries for Home, SAFE, no throw
Pinch Hitting: SHB Tristan Shanks 0-0: Ball
1-0: SINGLE (Groundball, 56)
Jim Unknown to third
Ernest Daniels to second
Batting: RHB Tomás Bermúdez 0-0: Foul Ball, location: 2F
0-1: Ball
1-1: Called Strike
1-2: Ball
2-2: Strikes out swinging
Batting: LHB Armando Reyes 0-0: Ball
1-0: Ball
2-0: Foul Ball, location: 2F
2-1: Foul Ball, location: 2F
2-2: Foul Ball, location: 2F
2-2: Foul Ball, location: 2F
2-2: Foul Ball, location: 2F
2-2: Foul Ball, location: 2F
2-2: Strikes out swinging
Bottom of the 7th over - 1 run(s), 3 hit(s), 0 error(s), 3 left on base; Grand Forks 1 - Belleville 2
TOP OF THE 8TH
Grand Forks Caterpillars batting - Pitching for Belleville Bulls : RHP Jesús Garces
Now at 2B: Tristan Shanks
Now at 3B: Ernest Daniels
Now in LF: Miguel González
Now in CF: Manuel Rosales
Batting: SHB Leo Szilard 0-0: SINGLE (Groundball, P) (infield hit)
Batting: RHB Joel Burrell 0-0: Bunted foul
0-1: Bunted foul
0-2: Ball
1-2: Fly out, F8 (Flyball, 78M)
Batting: LHB Alberto Garza 0-0: Ball
1-0: Ball
2-0: Ball
3-0: Base on Balls
Leo Szilard to second
Batting: RHB Jorge Noutel 0-0: Called Strike
0-1: Foul Ball, location: 2F
0-2: Ball
1-2: Fielders Choice at 2nd, 6-4 (Groundball, 6)
Leo Szilard to third
Batting: LHB Augustus Driscoll 0-0: Ball
1-0: Ball
2-0: Foul Ball, location: 2F
2-1: Ball
3-1: Fly out, F7 (Flyball, 7LSF)
Top of the 8th over - 0 run(s), 1 hit(s), 0 error(s), 2 left on base; Grand Forks 1 - Belleville 2
BOTTOM OF THE 8TH
Belleville Bulls batting - Pitching for Grand Forks Caterpillars : RHP Raúl Flores
Batting: RHB José García 0-0: Called Strike
0-1: Fly out, F9 (Flyball, 9S)
Batting: LHB José Gómez 0-0: Ball
1-0: Ball
2-0: Foul Ball, location: 2F
2-1: Ball
3-1: Base on Balls
Batting: RHB Miguel González 0-0: Ball
1-0: Foul Ball, location: 2F
1-1: Swinging Strike
1-2: Ball
2-2: Strikes out swinging
Batting: RHB Dean Summers 0-0: Swinging Strike
0-1: Foul Ball, location: 2F
0-2: Strikes out looking
Bottom of the 8th over - 0 run(s), 0 hit(s), 0 error(s), 1 left on base; Grand Forks 1 - Belleville 2
TOP OF THE 9TH
Grand Forks Caterpillars batting - Pitching for Belleville Bulls : RHP Jesús Garces
Pitching: RHP Ray Goolsby
Batting: RHB Carlos Romero 0-0: Ball
1-0: DOUBLE (Flyball, 78D)
Batting: LHB Gary Malone 0-0: Called Strike
0-1: Foul Ball, location: 2F
0-2: Ground out 5-3 (Groundball, 5)
Batting: SHB Neil Byrd 0-0: Called Strike
Carlos Romero steals 3rd base
0-1: Called Strike
0-2: Strikes out swinging
Batting: LHB Michael Woodard 0-0: Ball
1-0: Foul Ball, location: 2F
1-1: Called Strike
1-2: Foul Ball, location: 2F
1-2: Strikes out swinging
Top of the 9th over - 0 run(s), 1 hit(s), 0 error(s), 1 left on base; Grand Forks 1 - Belleville 2
Monday, March 20th, 2017 - OOTP Baseball 17.12 Build 75